Map: 해비테이션 스테이션 - 래더 (공허의 유산)

Players

INnoVation - Winner!

  • Race: Terran Terran
  • League: Master
  • Spawn Location: 11:00

JJAKJI

  • Race: Terran Terran
  • Spawn Location: 1:00

VOD

Have the link to the VOD?

Description

Time

  • Played on: Nov. 27, 2016, 5:40 a.m.
  • Length: 8:26
Show
View Real Time Build Order
Export as new Build Order

INnoVation Terran - Winner!

Build Orders: 1/1/1, Banshee Rush 

Get SALT Encoding   

  12  0:00  SCV  
  13  0:12  SCV  
  14  0:17  Supply Depot  
  14  0:24  SCV  
  14  0:28  Refinery  
  15  0:38  SCV  
  16  0:44  Barracks  
  16  0:50  SCV  
  16  0:56  Refinery  
  17  1:02  SCV  
  18  1:15  SCV  
  19  1:30  Orbital Command  
  19  1:31  Reaper  
  20  1:35  Factory  
  20  1:49  Supply Depot  
  20  1:56  SCV  
  21  2:03  Marine  
  21  2:08  SCV  
  23  2:19  Factory Tech Lab  
  23  2:20  Starport, Marine  
  23  2:21  SCV  
  25  2:26  Supply Depot  
  25  2:34  SCV  
  26  2:38  Marine  
  26  2:43  Widow Mine  
  29  2:46  SCV  
  30  2:53  Supply Depot  
  30  2:58  SCV, Marine  
  32  3:01  Cloaking Field  
  32  3:02  Banshee  
  35  3:10  SCV  
  35  3:13  Factory Reactor  
  35  3:15  Marine  
  36  3:22  SCV  
  37  3:33  Marine  
  38  3:34  SCV  
  38  3:39  Command Center  
  39  3:45  Raven  
  41  3:53  SCV  
  42  3:56  Supply Depot  
  42  4:00  Factory Tech Lab  
  42  4:01  Marine x2  
  44  4:05  SCV  
  45  4:17  SCV  
  45  4:19  Marine x2  
  48  4:28  Viking  
  48  4:31  SCV  
  51  4:35  Supply Depot  
  51  4:42  Siege Tank  
  51  4:43  SCV  
  55  4:52  Orbital Command  
  55  4:56  SCV  
  56  5:05  Viking x2  
  60  5:09  Stimpack  
  60  5:10  SCV  
  61  5:17  Siege Tank  
  61  5:19  SCV  
  65  5:23  Supply Depot, Marine  
  66  5:29  SCV  
  66  5:31  SCV  
  65  5:36  Viking  
  65  5:41  SCV  
  68  5:43  SCV, Viking, Marine  
  68  5:47  Supply Depot  
  72  5:53  SCV  
  72  5:55  SCV  
  72  5:56  Command Center  
  74  5:59  Refinery  
  74  6:01  Refinery, Marine  
  75  6:05  SCV  
  75  6:07  SCV  
  75  6:10  Supply Depot  
  77  6:14  Viking x2  
  77  6:17  SCV  
  80  6:19  Marine  
  80  6:20  SCV  
  82  6:29  SCV  
  82  6:31  Engineering Bay  
  82  6:32  Engineering Bay, SCV  
  83  6:35  Siege Tank  
  83  6:37  Marine  
  86  6:41  SCV  
  86  6:44  Viking, SCV  
  90  6:47  Viking  
  91  6:54  SCV  
  91  6:56  Liberator, SCV  
  91  7:00  Marine  
  93  7:07  SCV  
  93  7:08  SCV  
  95  7:10  Siege Tank  
  101  7:21  Liberator, Barracks  
  101  7:22  Barracks  
  101  7:23  Marine  
  101  7:28  SCV x2  
  104  7:31  Orbital Command  
  103  7:40  SCV x2  
  108  7:45  Marine  
  108  7:48  Barracks, Supply Depot  
  109  7:54  Barracks  
  109  7:58  SCV x2  
  109  7:59  SCV  
  107  8:08  Marine  
  107  8:10  Barracks Reactor x2  
  107  8:12  SCV x3  
  108  8:21  Supply Depot  
Show
View Real Time Build Order
Export as new Build Order

JJAKJI Terran 

Build Orders: 1/1/1, Banshee Rush 

Get SALT Encoding   

  12  0:00  SCV  
  13  0:12  SCV  
  14  0:18  Supply Depot  
  14  0:24  SCV  
  14  0:27  Refinery  
  15  0:40  SCV  
  16  0:44  Barracks  
  16  0:52  SCV  
  17  1:04  SCV  
  18  1:16  SCV  
  19  1:31  Orbital Command, Factory, Marine  
  20  1:33  Supply Depot  
  20  1:37  Refinery  
  20  1:49  Marine  
  21  1:57  SCV  
  22  2:07  Marine  
  23  2:10  SCV  
  23  2:15  Starport, Hellion  
  26  2:22  SCV  
  27  2:25  Supply Depot, Marine  
  28  2:34  SCV  
  28  2:36  Factory Tech Lab  
  29  2:43  Marine  
  30  2:46  SCV  
  31  2:56  Cloaking Field  
  31  2:57  Banshee  
  31  2:58  SCV  
  35  2:59  Widow Mine  
  37  3:06  Barracks Reactor  
  37  3:07  Supply Depot  
  37  3:10  SCV  
  38  3:22  SCV  
  39  3:34  SCV  
  39  3:40  Command Center, Raven  
  42  3:43  Marine  
  42  3:44  Marine  
  44  3:50  Supply Depot  
  44  3:53  SCV  
  45  3:56  Factory Tech Lab  
  45  4:01  Marine  
  45  4:02  Marine  
  47  4:12  SCV  
  48  4:19  Marine  
  48  4:20  Marine  
  48  4:24  SCV  
  50  4:25  Viking  
  50  4:29  Siege Tank  
  54  4:36  Supply Depot  
  54  4:40  SCV  
  50  4:52  SCV  
  49  5:02  Siege Tank  
  49  5:04  SCV  
  53  5:12  Viking  
  55  5:14  Viking  
  55  5:16  Refinery  
  57  5:22  Orbital Command  
  55  5:34  Siege Tank  
  55  5:35  SCV  
  59  5:46  Viking  
  59  5:47  SCV  
  62  5:50  SCV  
  62  5:53  Command Center  
  63  5:57  Viking  
  63  6:00  SCV  
  63  6:02  SCV  
  67  6:05  Supply Depot  
  67  6:12  SCV  
  67  6:14  SCV  
  67  6:15  Siege Tank  
  72  6:24  SCV, Marine  
  74  6:26  Viking, SCV  
  74  6:28  Viking  
  76  6:33  Refinery  
  76  6:34  Supply Depot  
  76  6:36  SCV  
  77  6:40  SCV  
  78  6:48  Engineering Bay x2, SCV  
  75  6:56  Viking  
  75  6:58  Viking  
  75  7:00  Marine  
  78  7:04  SCV  
  78  7:05  SCV  
  78  7:08  Orbital Command  
  80  7:17  Marine, SCV x2  
  80  7:22  Refinery  
  83  7:27  Viking  
  83  7:28  Viking  
  83  7:29  SCV x2  
  89  7:35  SCV  
  90  7:41  SCV  
  90  7:42  Marine  
  92  7:45  Siege Tank  
  92  7:48  SCV x2  
  86  8:00  Marine  
  86  8:01  SCV x2  
Tags
 
Add a new tag
Caveats
  • Supply blocks, unpowered buildings, or Contaminate may cause inaccurate times.
  • Supply counts are checked every 10 seconds.